 Dungeon Crawl Stone Soup version 0.27.0-1-g7a08968 (webtiles) character file.

Game seed: 5355173732492193432

2958 NeededCrab the Grappler (level 9, -9/80 HPs)
             Began as a Troll Fighter on Sept 18, 2021.
             Was a Believer of Elyvilon.
             Killed from afar by a manticore (19 damage)
             ... with a volley of spikes
             ... on level 8 of the Dungeon.
             The game lasted 00:22:36 (6055 turns).

NeededCrab the Grappler (Troll Fighter)             Turns: 6055, Time: 00:22:38

Health: -9/80      AC:  9    Str: 26    XL:     9   Next: 52%
Magic:  7/8        EV:  9    Int:  7    God:    Elyvilon [**....]
Gold:   308        SH: 10    Dex:  9    Spells: 8/8 levels left

rFire    + . .     SeeInvis .     - Unarmed
rCold    . . .     Faith    .   b - +0 kite shield
rNeg     . . .     Spirit   .   C - +0 acid dragon scales
rPois    .         Reflect  .   q - +0 hat
rElec    .         Harm     .   w - +0 cloak
rCorr    +         Rampage  .   (gloves unavailable)
Will     .....                  (boots unavailable)
Stlth    +.........             (no amulet)
HPRegen  1.23/turn              v - ring of protection from fire
MPRegen  0.11/turn              (no ring)

@: spiked, studying Summonings
A: large, unfitting armour, claws 3, regeneration 1, shaggy fur 1, tough skin 1
a: Renounce Religion, Lesser Healing, Heal Other, Divine Protection


You were on level 8 of the Dungeon.
You worshipped Elyvilon.
Elyvilon was pleased with you.
You visited 2 branches of the dungeon, and saw 9 of its levels.

You collected 308 gold pieces.

Inventory:

Missiles
 x - 7 boomerangs of dispersal (quivered)
Armour
 b - a +0 kite shield (worn)
 q - a +0 hat (worn)
 w - a +0 cloak (worn)
 B - a +0 tower shield
 C - +0 acid dragon scales (worn)
Jewellery
 s - a ring of ice
 v - a ring of protection from fire (left claw)
Wands
 a - a wand of mindburst (7)
 t - a wand of iceblast (10)
Scrolls
 d - 10 scrolls of identify
 e - a scroll of brand weapon
 f - a scroll of blinking
 g - a scroll of fog {unknown}
 k - 2 scrolls of magic mapping {unknown}
 l - 5 scrolls of teleportation {unknown}
 m - a scroll of noise {unknown}
 o - 2 scrolls of enchant armour {unknown}
 p - a scroll of silence {unknown}
 y - a scroll of enchant weapon {unknown}
Potions
 c - a potion of might
 h - 4 potions of attraction
 i - 4 potions of degeneration
 j - 2 potions of cancellation {unknown}
 n - 2 potions of heal wounds {unknown}
 r - a potion of lignification {unknown}
 u - a potion of curing
 z - a potion of invisibility {unknown}
 A - a potion of berserk rage {unknown}


   Skills:
 - Level 2.4 Fighting
 - Level 2.4 Dodging
 + Level 6.8 Shields
 * Level 10.9 Unarmed Combat


You had 8 spell levels left.
You didn't know any spells.
Your spell library contained the following spells:

 Spells                   Type           Power      Damage    Failure   Level
 Magic Dart               Conj           0%         1d3       65%         1
 Call Imp                 Summ           0%         N/A       80%         2
 Call Canine Familiar     Summ           0%         N/A       95%         3
 Mephitic Cloud           Conj/Pois/Air  0%         N/A       95%         3
 Ozocubu's Armour         Ice            0%         N/A       95%         3
 Portal Projectile        Hex/Tloc       0%         N/A       95%         3
 Leda's Liquefaction      Hex/Erth       0%         N/A       100%        4
 Ozocubu's Refrigeration  Ice            0%         4d5       100%        7


Dungeon Overview and Level Annotations

Branches:
Dungeon (8/15)             Temple (1/1) D:4
   Lair: D:8-11

Altars:
Ashenzari
Cheibriados
Dithmenos
Elyvilon
Fedhas
Gozag
Hepliaklqana
Kikubaaqudgha
Makhleb
Nemelex Xobeh
Qazlal
Ru
Sif Muna
Trog
Vehumet
Wu Jian
Xom
Yredelemnul
The Shining One


Innate Abilities, Weirdness & Mutations

You are too large for most types of armour.
You have claws for hands.
Your natural rate of healing is unusually fast.
You are covered in fur. (AC +1)
You have tough skin. (AC +1)


Message History

* * * LOW HITPOINT WARNING * * *
The manticore claws you.
* * * LOW HITPOINT WARNING * * *
As you read the scroll of identify, it crumbles to dust.
i - 4 potions of degeneration The manticore bites you!
* * * LOW HITPOINT WARNING * * *
The manticore claws you.
* * * LOW HITPOINT WARNING * * *
The manticore barely misses you.
As you read the scroll of identify, it crumbles to dust.
u - 3 potions of curing The manticore bites you!
Elyvilon protects you from harm!
The manticore claws you but does no damage.
The manticore claws you! Elyvilon protects you from harm!
You feel better.
You carefully extract the barbed spikes from your body.
The manticore bites you!
* * * LOW HITPOINT WARNING * * *
The manticore barely misses you. The manticore claws you.
Elyvilon protects you from harm!
You feel better. You block the manticore's attack. x2
The manticore barely misses you.
As you read the scroll labelled ATHOXZ SEINT, it crumbles to dust.
It is a scroll of brand weapon.
You aren't carrying any weapons that can be branded.
Your divine protection fades away.
You block the manticore's attack. The manticore closely misses you.
The manticore claws you.
* * * LOW HITPOINT WARNING * * *
Blink to where?
Press: ? - help, Dir - move target, p - manticore
As you read the scroll labelled JYNEDI QEKAE, it crumbles to dust.
It was a scroll of blinking.
The manticore flicks its tail.
The volley of spikes hits you!!
The barbed spikes become lodged in your body.
You die...

. ##.. ?## #.#.# .$#
...# #.# # ###...
#..#. .....
#...###.##..#
#####.@.......#######
#.#.#.###+###.<.....#
#..##.# #.......+
#H).#ยง# #..##..##
+$#.'..#.#H.# #..#####
###.#.##.)#.# #......#
.. #. #.#..# #......#
#..#.##.#######......#
................##..##


You could see a manticore.

Vanquished Creatures
  Joseph (D:7)
  Maggie (D:7)
  A troll (D:7)
  2 water moccasins
  2 ice beasts
  An orc warrior (D:8)
  An ogre (D:5)
  2 centaurs (D:4)
  A necrophage (D:5)
  A phantom (D:5)
  A kobold brigand (D:7)
  Blork the orc (D:5)
  3 bullfrogs
  2 scorpions
  4 howler monkeys
  A bullfrog zombie (D:5)
  3 hounds (D:5)
  2 jellies
  3 bullfrog skeletons
  2 centaur skeletons
  4 orc wizards
  9 adders
  A shadow imp (D:7)
  An ufetubus (D:6)
  A worm (D:3)
  4 dart slugs
  33 orcs
  A ball python (D:2)
  2 endoplasms (D:2)
  5 giant cockroaches
  5 goblins
  7 hobgoblins
  6 quokkas
  3 bats
  4 frilled lizards
  7 kobolds
  4 rats
132 creatures vanquished.

Vanquished Creatures (others)
  An orc (D:7)
  9 fungi (D:6)
10 creatures vanquished.

Grand Total: 142 creatures vanquished

Notes
Turn   | Place    | Note
-------+----------+-------------------------------------------
     0 | D:1      | NeededCrab the Troll Fighter began the quest for the Orb.
     0 | D:1      | Reached XP level 1. HP: 22/22 MP: 0/0
    61 | D:1      | You fall into a shaft and drop 1 floor!
    66 | D:2      | Reached XP level 2. HP: 29/29 MP: 1/1
   459 | D:1      | Reached skill level 3 in Unarmed Combat
   779 | D:1      | Reached XP level 3. HP: 36/36 MP: 2/2
  1238 | D:2      | Reached XP level 4. HP: 44/44 MP: 3/3
  1390 | D:2      | Found a faded altar of an unknown god.
  1654 | D:3      | Reached skill level 4 in Unarmed Combat
  1804 | D:3      | Found a shimmering blue altar of Sif Muna.
  1978 | D:3      | Found a shadowy altar of Dithmenos.
  2060 | D:3      | Found a bloodstained altar of Trog.
  2097 | D:3      | Reached XP level 5. HP: 34/50 MP: 4/4
  2350 | D:4      | Noticed a water moccasin
  2369 | D:4      | Killed a water moccasin
  2370 | D:4      | Reached skill level 5 in Unarmed Combat
  2619 | D:4      | Noticed a centaur
  2639 | D:4      | Noticed a centaur
  2663 | D:4      | Killed a centaur
  2664 | D:4      | Reached XP level 6. HP: 20/59 MP: 5/5
  2667 | D:4      | Reached skill level 6 in Unarmed Combat
  2865 | D:4      | Found a staircase to the Ecumenical Temple.
  2890 | Temple   | Entered the Ecumenical Temple
  3077 | Temple   | Became a worshipper of Elyvilon the Healer
  3141 | D:4      | Reached XP level 7. HP: 55/66 MP: 6/6
  3651 | D:5      | Entered Level 5 of the Dungeon
  3832 | D:5      | Noticed Blork the orc
  3841 | D:5      | Reached skill level 7 in Unarmed Combat
  3845 | D:5      | Killed Blork the orc
  3934 | D:5      | Reached skill level 5 in Shields
  3979 | D:5      | Reached XP level 8. HP: 74/74 MP: 7/7
  4040 | D:5      | Reached skill level 8 in Unarmed Combat
  4604 | D:6      | Reached * piety under Elyvilon
  4699 | D:6      | Found a sparkling altar of Nemelex Xobeh.
  4910 | D:6      | Found an opulent altar of Gozag.
  5319 | D:7      | Reached skill level 9 in Unarmed Combat
  5472 | D:7      | Reached ** piety under Elyvilon
  5475 | D:7      | Found a broken altar of Ashenzari.
  5518 | D:7      | Noticed Maggie
  5548 | D:7      | Killed Maggie
  5549 | D:7      | Reached XP level 9. HP: 21/80 MP: 8/8
  5606 | D:7      | Reached skill level 10 in Unarmed Combat
  5629 | D:7      | Noticed a troll
  5645 | D:7      | Killed a troll
  5781 | D:7      | Found a stormy altar of Qazlal.
  5865 | D:7      | Noticed Joseph
  5891 | D:7      | Killed Joseph
  6035 | D:8      | Noticed a manticore
  6051 | D:8      | Elyvilon protects you from harm!
  6051 | D:8      | Elyvilon protects you from harm!
  6052 | D:8      | HP: 3/80 [manticore (15)]
  6052 | D:8      | Elyvilon protects you from harm!
  6055 | D:8      | Killed from afar by a manticore

Illustrated notes

Levels and vault maps discovered:
D:1:      amcnicky_arrival_single_pillar, layout_basic, kennysheep_small_spiral
D:2:      layout_basic, hellmonk_ecumenical_altar_arch_garden,
          hangedman_feature_mirror, mrwooster_statue_mirror, st_stairs_3
D:3:      layout_loops_ring, lemuel_blue_sif_altar, lemuel_crystal_altar,
          old_standard_altar
D:4:      layout_layer_cave, minmay_temple_entry_mist, minmay_splitting_lines,
          minmay_manual_mares
D:5:      layout_loops_ring, uniq_blork_the_orc
D:6:      layout_loops_ring, nemelex_spade_bored_becter,
          mainiacjoe_overflow_alcove_4
D:7:      layout_rooms, cheibrodos_ashenzari_chains,
          nicolae_qazlal_general_emergency, uniq_joseph, uniq_maggie
D:8:      layout_gridville, zin_purify, grunt_ministairs_7,
          minmay_shattered_shrine
Temple:   minmay_temple_bridge_abc

Skill      XL: |  1  2  3  4  5  6  7  8  9 |
---------------+----------------------------+-----
Unarmed Combat | 3 4 5 6 7 9 10 | 10.9
Shields        | 3 4 5 6 |  6.8
Fighting       | |  2.4
Dodging        | |  2.4

Action                   |  1- 3 |  4- 6 |  7- 9 || total
-------------------------+-------+-------+-------++-------
Melee: Unarmed           |   118 |   128 |   246 ||   492
Invok: Divine Protection |       |       |     1 ||     1
       Lesser Healing    |       |       |     1 ||     1
  Use: Scroll            |       |       |     5 ||     5
       Potion            |       |       |     2 ||     2
 Stab: Sleeping          |     2 |     1 |       ||     3
Armor: Robe              |    31 |    43 |    34 ||   108
       Acid dragon scale |       |       |    14 ||    14
Dodge: Dodged            |    40 |    39 |    52 ||   131
Block: Kite shield       |    43 |    49 |    93 ||   185
